 Dungeon Crawl Stone Soup version 0.21-a0-39-g28ea6b7 (webtiles) character file.

44 tilp the Firebug (level 3, -3/26 HPs)
             Began as a Hill Orc Fire Elementalist on May 30, 2017.
             Slain by an adder (4 damage)
             ... on level 2 of the Dungeon.
             The game lasted 00:07:09 (1867 turns).

tilp the Firebug (Hill Orc Fire Elementalist)       Turns: 1867, Time: 00:07:09

Health: -3/26      AC:  2    Str: 10    XL:     3   Next: 60%
Magic:  0/6        EV: 11    Int: 16    God:
Gold:   101        SH:  3    Dex: 11    Spells: 0/6 levels left

rFire    . . .     SeeInvis .   j - +0 dagger
rCold    . . .     Gourm    .   t - +0 buckler
rNeg     . . .     Faith    .   a - +0 robe
rPois    .         Spirit   .   (no helmet)
rElec    .         Reflect  .   (no cloak)
rCorr    .         Harm     .   (no gloves)
MR       .....                  (no boots)
Stlth    ++........             (no amulet)
Regen    0.1/turn               (no ring)
MPRegen  0.1/turn               (no ring)

@: lethally poisoned (-3 -> -11)
A: no striking features
a: no special abilities


You were on level 2 of the Dungeon.
You were full.

You visited 1 branch of the dungeon, and saw 2 of its levels.

You collected 101 gold pieces.

Inventory:

Hand Weapons
 j - a +0 dagger (weapon)
Missiles
 e - 7 stones (quivered)
Armour
 a - a +0 robe (worn)
 t - a +0 buckler (worn)
Jewellery
 f - an uncursed ring of wizardry {unknown}
 k - an uncursed amulet of magic regeneration {unknown}
 p - an uncursed ring of stealth {unknown}
Scrolls
 d - 2 scrolls of enchant armour {unknown}
 i - a scroll of identify {unknown}
 l - a scroll of recharging {unknown}
 o - a scroll of magic mapping {unknown}
 s - a scroll of fear {unknown}
 v - 2 scrolls of teleportation {unknown}
Potions
 h - 2 potions of might {unknown}
 m - 2 potions of heal wounds {unknown}
 n - a potion of agility {unknown}
 q - a potion of flight {unknown}
 u - a potion of lignification {unknown}
Books
 b - a book of Flames

   Spells                             Type                      Level
   a - Flame Tongue                   Conjuration/Fire             1
   b - Throw Flame                    Conjuration/Fire             2
   c - Conjure Flame                  Conjuration/Fire             3
   d - Inner Flame                    Hexes/Fire                   3
   e - Sticky Flame                   Conjuration/Fire             4
   f - Fireball                       Conjuration/Fire             5
Comestibles
 c - 2 bread rations
 g - a chunk of flesh


   Skills:
 - Level 1.5 Dodging
 - Level 1.5 Stealth
 * Level 2.0 Spellcasting
 + Level 1.1 Conjurations
 + Level 4.5 Fire Magic


You couldn't memorise any spells.
You knew the following spells:

 Your Spells              Type           Power        Failure   Level  Hunger
a - Flame Tongue          Conj/Fire      ##...        11%         1    #......
b - Throw Flame           Conj/Fire      ##....       16%         2    ###....
c - Conjure Flame         Conj/Fire      ##......     32%         3    ###....


Dungeon Overview and Level Annotations

Branches:
Dungeon (2/15)

Altars:

Annotations:
D:2 Natasha


Message History

The adder is almost dead.
The adder bites you.
You are lethally poisoned!
The adder poisons you! The adder bites you but does no damage.
Casting: Flame Tongue
Confirm with . or Enter, or press ? or * to list all spells.
You don't know that spell.
You closely miss the adder.
The adder is almost dead.
You feel sick. The adder closely misses you.
You barely miss the adder.
The adder is almost dead.
* * * LOW HITPOINT WARNING * * *
You feel sick. The adder bites you.
* * * LOW HITPOINT WARNING * * *
You miss the adder.
The adder is almost dead.
* * * LOW HITPOINT WARNING * * *
You feel sick. The adder closely misses you. The adder bites you.
You die...

#.(......# ###........#
..........+ #........#
#........# #........#
..######........########
......S@................
.#######........#######.
#............# #.
#............# #.
#............# #.
#.......######## #.
#............... ..
#............... #..
#............... #..


You could see an adder.

Vanquished Creatures
  A worm (D:2)
  A dart slug (D:1)
  3 hobgoblins
  11 jackals
  3 kobolds
  A bat (D:1)
  4 frilled lizards
  7 goblins
  4 rats
35 creatures vanquished.

Notes
Turn   | Place    | Note
-------+----------+-------------------------------------------
     0 | D:1      | tilp the Hill Orc Fire Elementalist began the quest for the Orb.
     0 | D:1      | Reached XP level 1. HP: 14/14 MP: 3/3
   227 | D:1      | Reached XP level 2. HP: 20/20 MP: 1/4
   529 | D:1      | Reached skill level 4 in Fire Magic
  1071 | D:1      | Reached XP level 3. HP: 23/26 MP: 5/5
  1828 | D:2      | Noticed Natasha
  1840 | D:2      | Learned a level 2 spell: Throw Flame
  1844 | D:2      | Learned a level 3 spell: Conjure Flame
  1867 | D:2      | HP: 1/26 [poisoned by an adder]
  1867 | D:2      | Slain by an adder

Vault maps used:
D:1:      minmay_arrival_solitary_statue, serial_park_tiny_1
D:2:      marbit_many_paths, nicolae_gozag_cash_rules_everything_around_me,
          uniq_natasha

Skill      XL: |  1  2  3 |
---------------+----------+-----
Fire Magic     | 4 |  4.5
Spellcasting   | 2 |  2.0
Dodging        | |  1.5
Stealth        | |  1.5
Conjurations   | |  1.1

Action                   || total
-------------------------++-------
Melee: Dagger            ||   111
 Cast: Flame Tongue      ||    43
 Stab: Sleeping          ||     1
  Eat: Chunk             ||     3
       Meat ration       ||     1
Armor: Robe              ||    17
Dodge: Dodged            ||    74
Block: Buckler           ||     5
